 Seeded DCSS version 0.28.0-47-ge53b351184 (webtiles) character file.

Game seed: 523019199727972820 (custom seed)

1626 thiscave3701365 the Cleaver (level 8, -1/109 HPs)
             Began as a Minotaur Berserker on May 9, 2022.
             Was a Believer of Trog.
             Engulfed by a steam dragon's steam (5 damage)
             ... on level 6 of the Dungeon.
             The game lasted 00:05:01 (9102 turns).

thiscave3701365 the Cleaver (Minotaur Berserker)    Turns: 9102, Time: 00:05:02

Health: -1/109     AC:  2    Str: 25    XL:     8   Next: 65%
Magic:  7/7        EV: 13    Int:  4    God:    Trog [**....]
Gold:   387        SH:  0    Dex:  9    Spells: 7/7 levels left

rFire   . . .      SeeInvis .   a - +0 hand axe
rCold   . . .      Faith    .   (no shield)
rNeg    . . .      Spirit   .   b - +0 animal skin
rPois   .          Reflect  .   (helmet restricted)
rElec   .          Harm     .   (no cloak)
rCorr   .          Rampage  .   (no gloves)
Will    .....                   (no boots)
Stlth   ..........              (no amulet)
HPRegen 0.28/turn               (no ring)
MPRegen 0.10/turn               (no ring)

@: berserking, very quick
A: horns 2, retaliatory headbutt
a: Renounce Religion, Berserk, Trog's Hand


You were on level 6 of the Dungeon.
You worshipped Trog.
Trog was pleased with you.
You visited 1 branch of the dungeon, and saw 6 of its levels.

You collected 387 gold pieces.

Inventory:

Hand Weapons
 a - a +0 hand axe (weapon)
Missiles
 k - 2 throwing nets
Armour
 b - a +0 animal skin (worn)
Jewellery
 h - an amulet of faith
 p - an amulet of guardian spirit
 u - a ring of resist corrosion
Wands
 o - a wand of paralysis (9)
 r - a wand of polymorph (2)
Scrolls
 c - a scroll of fog
 e - 3 scrolls of teleportation
 i - a scroll of blinking
 l - a scroll of vulnerability
 q - a scroll of identify
Potions
 d - a potion of curing {unknown}
 f - a potion of berserk rage
 g - a potion of resistance
 j - a potion of lignification
 m - a potion of invisibility
 n - 2 potions of might
 s - a potion of heal wounds
 t - a potion of mutation {unknown}


   Skills:
 + Level 7.4 Fighting
 + Level 9.8 Axes
 + Level 2.9 Armour
 + Level 5.0 Dodging
 + Level 3.1 Stealth


You had 7 spell levels left.
You didn't know any spells.
Your spell library was empty.

Dungeon Overview and Level Annotations

Branches:
Dungeon (6/15)             Temple (0/1) D:4

Altars:
Ashenzari


Innate Abilities, Weirdness & Mutations

You have a pair of horns on your head.
You reflexively headbutt those who attack you in melee.


Message History

You are too injured to fight recklessly!
You are too injured to fight recklessly!
A red film seems to cover your vision as you go berserk!
You feel yourself moving faster!
You feel mighty!
You are engulfed in a cloud of scalding steam.
The steam dragon bites you. The steam dragon misses you.
You closely miss the steam dragon. Your headbutt misses the steam dragon.
The steam dragon is heavily wounded.
You are engulfed in a cloud of scalding steam.
You closely miss the steam dragon.
The steam dragon is heavily wounded.
You are engulfed in a cloud of scalding steam.
The steam dragon bites you. The steam dragon claws you.
* * * LOW HITPOINT WARNING * * *
You barely miss the steam dragon. Your headbutt misses the steam dragon.
The steam dragon is heavily wounded.
You are engulfed in a cloud of scalding steam.
* * * LOW HITPOINT WARNING * * *
You barely miss the steam dragon.
The steam dragon is heavily wounded.
You are engulfed in a cloud of scalding steam.
* * * LOW HITPOINT WARNING * * *
The steam dragon bites you!
* * * LOW HITPOINT WARNING * * *
The steam dragon claws you.
* * * LOW HITPOINT WARNING * * *
You slash the steam dragon!
The steam dragon is almost dead.
You are engulfed in a cloud of scalding steam.
* * * LOW HITPOINT WARNING * * *
You closely miss the steam dragon.
The steam dragon is almost dead.
You are engulfed in a cloud of scalding steam.
The steam dragon bites you.
* * * LOW HITPOINT WARNING * * *
The steam dragon claws you but does no damage.
You barely miss the steam dragon.
The steam dragon is almost dead.
You are engulfed in a cloud of scalding steam.
You die...

##.## #...#
#####...########
...............#
##.########..#.#####.# #
........###....#####.#.#
##.####.##.###.#.......#
...####...## ##..D>.....
##.....#.## #@#.#.###.
.....#.#.# #.........
##.#.....## ##.....####
#.###.##.## ##.####.#
#.....###.###.## #
####### ##....#
####.......# #########


You could see a steam dragon.

Vanquished Creatures
  Grinder (D:5)
  Menkaure (D:5)
  A necrophage (D:6)
  3 ogres
  The ghost of Arandomuser85 the Insei, an amateur MfTm (D:3)
  A phantom (D:4)
  3 scorpions (D:4)
  A howler monkey (D:4)
  2 orc priests
  A gnoll shaman (D:4)
  2 hounds
  4 iguanas
  Ijyb (D:4)
  5 orc wizards
  A hound zombie (D:5)
  A hound skeleton (D:4)
  A gnoll (D:1)
  7 adders
  A hound simulacrum (D:3)
  An ufetubus (D:5)
  An adder skeleton (D:4)
  3 worms
  A dart slug (D:4)
  An adder simulacrum (D:3)
  15 orcs
  12 endoplasms
  3 giant cockroaches
  4 goblins
  5 hobgoblins
  6 quokkas
  8 ball pythons
  A ball python simulacrum (D:3)
  6 bats
  A frilled lizard (D:1)
  7 kobolds
  8 rats
121 creatures vanquished.

Vanquished Creatures (others)
  8 plants (D:5)
8 creatures vanquished.

Grand Total: 129 creatures vanquished

Notes
Turn   | Place    | Note
-------+----------+-------------------------------------------
     0 | D:1      | thiscave3701365 the Minotaur Berserker began the quest for
                  | the Orb.
     0 | D:1      | Reached XP level 1. HP: 19/19 MP: 0/0
   307 | D:1      | Reached skill level 4 in Axes
   307 | D:1      | Reached XP level 2. HP: 26/27 MP: 1/1
   899 | D:1      | Found a faded altar of an unknown god.
  1396 | D:2      | Reached XP level 3. HP: 25/34 MP: 2/2
  1961 | D:2      | Found a broken altar of Ashenzari.
  2240 | D:2      | Reached ** piety under Trog
  2823 | D:3      | Reached XP level 4. HP: 26/41 MP: 3/3
  3021 | D:3      | Found a runed translucent gate.
  3038 | D:3      | Found a runed translucent gate.
  3038 | D:3      | Found a runed translucent gate.
  3071 | D:3      | Noticed Arandomuser85's ghost (amateur MfTm)
  3610 | D:3      | Killed Arandomuser85's ghost
  3611 | D:3      | Reached skill level 5 in Fighting
  3611 | D:3      | Reached skill level 5 in Axes
  3611 | D:3      | Reached skill level 1 in Stealth
  3611 | D:3      | Reached XP level 5. HP: 48/48 MP: 4/4
  4081 | D:4      | Found a staircase to the Ecumenical Temple.
  4118 | D:4      | Noticed Ijyb
  4128 | D:4      | Killed Ijyb
  4402 | D:4      | Reached skill level 6 in Axes
  4402 | D:4      | Reached XP level 6. HP: 46/56 MP: 5/5
  4894 | D:4      | Reached skill level 7 in Axes
  5303 | D:4      | Reached XP level 7. HP: 58/62 MP: 6/6
  5838 | D:5      | Entered Level 5 of the Dungeon
  5838 | D:5      | Noticed Menkaure
  7083 | D:5      | Killed Menkaure
  7084 | D:5      | Reached skill level 8 in Axes
  7632 | D:5      | Reached XP level 8. HP: 71/71 MP: 7/7
  7796 | D:5      | Noticed Grinder
  7814 | D:5      | Killed Grinder
  7815 | D:5      | Reached skill level 9 in Axes
  8796 | D:6      | Reached skill level 5 in Dodging
  9101 | D:6      | HP: 4/109 [steam dragon (4)]
  9102 | D:6      | Engulfed by a steam dragon's steam

Illustrated notes

Levels and vault maps discovered:
D:1:      minmay_arrival_floating_metal, layout_loops_corners,
          shapermc_ecumenical_altar_notcrosses, minivault_11
D:2:      layout_basic, basic_altar
D:3:      layout_basic, gammafunk_ghost_icy
D:4:      minmay_chambers_of_twos, layout_loops_cross,
          minmay_temple_entry_fiery, minmay_fractal_squares_5, uniq_ijyb
D:5:      layout_rooms, serial_bayou_lagoon_a, uniq_grinder, uniq_menkaure
D:6:      layout_loops_ring, grunt_decor_fettered, kennysheep_small_circle

Skill      XL: |  1  2  3  4  5  6  7  8 |
---------------+-------------------------+-----
Axes           | 4 5 6 7 8 9 |  9.8
Fighting       | 4 5 6 7 |  7.4
Stealth        | 1 2 3 |  3.1
Dodging        | 3 4 5 |  5.0
Armour         | |  2.9

Action                   |  1- 3 |  4- 6 |  7- 9 || total
-------------------------+-------+-------+-------++-------
Melee: Hand axe          |    84 |    85 |   121 ||   290
       Headbutt          |    11 |    16 |    19 ||    46
       Punch             |       |     2 |     2 ||     4
Invok: Berserk           |       |     7 |    11 ||    18
  Use: Scroll            |     5 |       |     8 ||    13
 Stab: Sleeping          |       |       |     4 ||     4
Armor: Animal skin       |     8 |     5 |    12 ||    25
       Skin              |       |     2 |       ||     2
Dodge: Dodged            |    36 |    48 |    65 ||   149
